 BcadrenCrawl: Boulder Brew version 0.06-688-g08e91b2d95 (webtiles) character file.

Game seed: 18386745125923810407

60 Angani the Ducker (level 3, 0/4 HPs) Fairy Demigod. Began on Jan 18, 2023. Slain by a cinder newt (1 damage) ... on level 1 of the Dungeon. The game lasted 00:03:33 (323 turns).

Angani the Ducker (Fairy Demigod)                    Turns: 323, Time: 00:03:34

Health: 0/4        AC:  0    Str:  9    XL:     3 ^: 30
Magic:  3/3        EV: 23    Int: 19    God:
Gold:   34         SH:  0    Dex: 19    Spells: 4/6 levels left

rFire    . . .     Slash    +   (no jewelry)
rCold    . . .     Pierce   +
rNeg     . . .     Bludgeon +
rCorr    . . .     Vision   .
rPois    .         Gourm    .
rElec    .         Faith    .
MR       .....     Spirit   .
HPRegen  0.11/turn Reflect  .
MPRegen  0.13/turn Harm     .
Stlth    +.........

@: glowing, slow
A: tiny, no armour or weapons, only one jewelry slot, no melee attacks, fairy
magic, fairy shield, decreased potion and divine healing, unfitting armour,
flight, high mp 1, slowness 1, fairy light 1, insubstantial
a: Fly


You were on level 1 of the Dungeon.
You were not hungry.

You visited 1 branch of the dungeon, and saw 1 of its levels.

You collected 34 gold pieces.

Inventory:

Jewellery
 c - a cursed ring of fire {(Curse: MR-)}
 d - a cursed ring of strength {(Curse: rF-)}
Scrolls
 f - a scroll of enchantment
Potions
 e - a potion of brilliance
Comestibles
 a - 11 chunks of flesh
 b - a ration


   Skills:
 + Level 4.7 Dodging
 - Level 1.3 Stealth
 + Level 2.3 Spellcasting
 - Level 2.8 Fire Magic
 + Level 0.6 Air Magic


You had 4 spell levels left.
You knew the following spells:

 Your Spells              Type           Power        Failure   Level  Hunger
a - Flame Tongue Fire 13 (30) 4% 1 0-16 b - Shock Air            4 (25)       12%         1    0-16

Your spell library contained the following spells:

 Spells                   Type           Power        Failure   Level  Hunger
 Slow Hex 2 (100) 16% 1 0-16 Conjure Flame Fire 13 (100) 16% 3 76-136 Blink Tloc N/A 24% 2 36-76 Call Imp Summ 2 (100) 24% 2 36-76 Mephitic Cloud Pois/Air 3 (100) 38% 3 76-136 Airstrike Air 4 (200) 77% 4 156-256 Lightning Bolt Air 4 (200) 98% 5 276-436 Conjure Ball Lightning Air 4 (200) 100% 6 396-616 Freezing Cloud Ice/Air        3 (200)      100%        6    396-616


Dungeon Overview and Level Annotations

Branches:
Dungeon (1/8)


Innate Abilities, Weirdness & Mutations

You are too small to use any gear.
You can wear a single ring or amulet completely around your body.
You are incapable of melee of any kind.
Your magic reserves are extremely low but spells that normally cost one mana are free and all other spells cost one mana.
You are extremely frail but all attacks that strike you do exactly one damage.
The effect of potions and godly healing effects is reduced to match your tiny health and magic reserves.
You are able to fly continuously.
You have an increased reservoir of magic. (+15% MP)
You cover ground slowly.
You exude a bright light in a small radius around yourself.
Your insubstantial form grants resistance to all physical attack and full immunity to sticky flames, nets and constriction. (rPhysical+)


Message History

Confirm with . or Enter, or press ? or * to list all spells.
Aiming: Flame Tongue (safe; 4% risk of failure)
Press: ? - help, Shift-Dir - straight line, f/p - cinder newt
Aim: a cinder newt (86%, 86% to-hit, moderately wounded (8/10), 45% (Melee), haloed)
The flame tongue hits the cinder newt (2).
The cinder newt resists.
The cinder newt is heavily wounded. (6/10) HP The cinder newt bites you (2).
The cinder newt burns you (3).
Casting: Flame Tongue (safe; 4% risk of failure)
Confirm with . or Enter, or press ? or * to list all spells.
Aiming: Flame Tongue (safe; 4% risk of failure)
Press: ? - help, Shift-Dir - straight line, f/p - cinder newt
Aim: a cinder newt (86%, 86% to-hit, heavily wounded (6/10), 45% (Melee), haloed)
The flame tongue hits the cinder newt (2).
The cinder newt resists.
The cinder newt is severely wounded. (4/10) HP The cinder newt bites you (2).
* * * LOW HITPOINT WARNING * * *
The cinder newt burns you (3).
You die...

#.######.......#........)###
#.# #.......#.........###
#.# #.......#.........#..
#.# #.......#.........#..
#.# #.......###########..
#.# #.......# ....## #.#
######### .....
#.################. ....
#..........@l†K.l.. .......
#.........##.#.###. ...l.##
#............#
##........#### #........# .#
#........# ### .###
#........# #.. ....
#........# ###.###.###
..........


You could see 2 cinder newts and a kobold.

Vanquished Creatures
  2 giant cockroaches (D:1)
  A cinder newt (D:1)
  3 dart slugs (D:1)
  4 bats (D:1)
  5 goblins (D:1)
  3 kobolds (D:1)
  A rat (D:1)
19 creatures vanquished.

Notes
Turn   | Place    | Note
-------+----------+-------------------------------------------
     0 | D:1      | Angani the Fairy Demigod began the quest for the Orb.
     0 | D:1      | Reached XP level 1. HP: 3/3 MP: 3/3
    10 | D:1      | Reached XP level 2. HP: 2/3 MP: 3/3
    85 | D:1      | Reached XP level 3. HP: 4/4 MP: 3/3
   121 | D:1      | Identified a scroll of acquirement
   137 | D:1      | Got Liamiuce's Compendium of the Birds
   140 | D:1      | Learned a level 1 spell: Shock
   323 | D:1      | Slain by a cinder newt

Illustrated notes

Levels and vault maps discovered:
D:1:      minmay_arrival_semitransparent, layout_basic

Skill      XL: |  1  2 |
---------------+-------+-----
Spellcasting   | 2 |  2.3
Dodging        | |  4.7
Stealth        | |  1.3
Fire Magic     | |  2.8
Air Magic      | |  0.6

Action                   || total
-------------------------++-------
 Cast: Flame Tongue      ||    36
  Use: Scroll            ||     1
Dodge: Dodged            ||    12
